AoeStats
← the shy

African Clearing

504729330Analyzed
4v4 RM · 27d ago on Sep 6, 2026· 46m 34s· 8 players
Game mode
Random Map
Map size
Large (8 player)
Population
200
Speed
Normal
Resources
Standard
Victory
Conquest
Starting age
Dark Age
Ending age
Imperial Age
RankedLock teamsTeams togetherTeam positionsShared explorationLock speedFull tech treeHidden civsTurbo modeCheats
Victory
Defeat
🇨🇳 Huns · China
1492
+12
🇮🇹 Armenians · Italy
1390
+16
🇫🇷 Magyars · France
1376
+17
1272
+21
🇹🇼 Britons · Taiwan
1474
-20
🇹🇼 Portuguese · Taiwan
1371
-16
🇹🇼 Mongols · Taiwan
1367
-15
🇹🇼 Tupi · Taiwan
1357
-15
the shy
8:36 Loom
13:11 Feudal Age
17:58 Castle Age
16:30 Double-Bit Axe
18:16 Wheelbarrow
19:11 Bow Saw
21:39 Horse Collar
27:12 Hand Cart
27:38 Gold Mining
31:48 Imperial Age
29:33 Heavy Plow
30:34 Marauders
30:30 Fletching
31:20 Gold Shaft Mining
31:07 Husbandry
31:18 Bloodlines
31:23 Scale Barding Armor
31:29 Forging
31:27 Bodkin Arrow
31:55 Ballistics
32:53 Conscription
33:09 Elite Tarkan
35:53 Chain Barding Armor
37:11 Padded Archer Armor
38:05 Bracer
39:39 Chemistry
38:33 Town Watch
38:49 Heavy Cavalry Archer
40:42 Parthian Tactics
40:22 Thumb Ring
41:09 Plate Barding Armor
41:10 Iron Casting
42:24 Two-Man Saw
41:54 Light Cavalry
42:56 Leather Archer Armor
45:24 Stone Mining
Letaulier
7:38 Loom
12:32 Feudal Age
21:59 Castle Age
20:47 Horse Collar
22:27 Light Cavalry
23:38 Scale Barding Armor
25:30 Bloodlines
31:38 Husbandry
34:04 Chain Barding Armor
34:55 Heavy Plow
34:46 Town Watch
36:43 Wheelbarrow
41:41 Imperial Age
39:20 Double-Bit Axe
39:38 Gold Mining
39:48 Stone Mining
41:45 Hussar
43:27 Plate Barding Armor
43:03 Fletching
44:25 Conscription
45:18 Cavalier
46:05 Corvinian Army
46:11 Recurve Bow
46:14 Corvinian Army
求求了让老头吃你一分
14:28 Feudal Age
12:46 Loom
15:05 Double-Bit Axe
20:32 Scale Barding Armor
23:16 Forging
28:15 Castle Age
26:26 Gold Mining
29:00 Husbandry
29:24 Chain Barding Armor
30:36 Iron Casting
30:26 Bow Saw
30:55 Wheelbarrow
41:13 Gold Shaft Mining
45:09 Imperial Age
42:57 Hand Cart
GdR_Salinaro
12:26 Feudal Age
12:32 Man-at-Arms
13:30 Arson
15:11 Loom
21:40 Wheelbarrow
22:25 Fletching
24:37 Castle Age
22:55 Town Watch
23:36 Horse Collar
24:37 Double-Bit Axe
25:06 Elite Skirmisher
26:06 Padded Archer Armor
29:22 Bow Saw
29:25 Heavy Plow
32:24 Hand Cart
33:09 Ballistics
32:46 Murder Holes
32:48 Stone Mining
33:25 Masonry
33:47 Gold Mining
39:49 Imperial Age
39:26 Bodkin Arrow
40:15 Leather Archer Armor
40:54 Conscription
40:55 Bracer
41:57 Chemistry
41:51 Gold Shaft Mining
41:51 Ring Archer Armor
40:57 Onager
41:17 Elite Composite Bowman
43:20 Town Patrol
46:21 Scale Barding Armor
46:27 Forging
I LOVE GAKKI
5:45 Loom
13:38 Feudal Age
17:53 Castle Age
16:37 Double-Bit Axe
19:53 Bow Saw
20:38 Fishing Lines
21:28 Fletching
24:24 Bodkin Arrow
25:51 Gillnets
25:59 Gillnets
26:20 Padded Archer Armor
27:53 Wheelbarrow
30:26 Leather Archer Armor
30:06 Gold Mining
31:50 Town Watch
36:40 Imperial Age
34:42 Pikeman
35:23 Squires
36:20 Stone Mining
36:11 Horse Collar
37:44 Conscription
37:33 Bracer
37:33 Scale Mail Armor
37:44 Forging
38:28 Heavy Plow
39:15 Ballistics
39:37 Hand Cart
41:05 Chemistry
43:33 Chain Mail Armor
43:54 Iron Casting
45:45 Treadmill Crane
45:44 Halberdier
Pork bun
3:14 Loom
12:16 Feudal Age
13:54 Town Watch
27:36 Castle Age
31:45 Horse Collar
40:30 Wheelbarrow
40:49 Double-Bit Axe
lee_j0
4:45 Loom
13:37 Feudal Age
19:40 Castle Age
31:27 Double-Bit Axe
35:46 Bow Saw
43:25 Town Watch
48:25 Imperial Age
嘎人
10:42 Loom
14:03 Feudal Age
17:43 Castle Age
16:04 Double-Bit Axe
18:55 Bow Saw
19:36 Stone Mining
20:01 Horse Collar
22:25 Wheelbarrow
23:55 Town Watch
25:32 Heavy Plow
27:47 Scale Barding Armor
27:44 Husbandry
28:54 Forging
29:35 Chain Barding Armor
31:37 Hand Cart
32:03 Gold Mining
33:23 Iron Casting
33:18 Pikeman
33:58 Squires
36:46 Imperial Age
34:20 Scale Mail Armor
35:21 Chain Mail Armor
35:11 Fletching
37:12 Bodkin Arrow
36:51 Halberdier
38:02 Plate Mail Armor
38:49 Ballistics
39:35 Bracer
39:53 Padded Archer Armor
41:08 Chemistry
39:56 Elite Longbowman
41:32 Leather Archer Armor
41:17 Light Cavalry
42:28 Yeomen
43:25 Ring Archer Armor
44:01 Conscription
Connection lost

Rejoining the realm…

Still unreachable

The connection could not be restored.

Session expired

The server has moved on; the page needs a fresh start.